 Dungeon Crawl Stone Soup version 0.27-a0-1312-g5cdb2b3542 (webtiles) character file.

Game seed: 3137745372387116035

16 Alarak the Chopper (level 2, -2/27 HPs)
             Began as a Hill Orc Monk on June 20, 2021.
             Slain by an adder (3 damage)
             ... on level 2 of the Dungeon.
             The game lasted 00:01:39 (801 turns).

Alarak the Chopper (Hill Orc Monk)                   Turns: 801, Time: 00:01:40

Health: -2/27      AC:  8    Str: 13    XL:     2   Next: 54%
Magic:  2/2        EV:  6    Int: 10    God:
Gold:   76         SH:  0    Dex: 13    Spells: 1/1 levels left

rFire    . . .     SeeInvis .   a - +0 hand axe
rCold    . . .     Faith    .   (no shield)
rNeg     . . .     Spirit   .   c - +0 chain mail
rPois    .         Reflect  .   (no helmet)
rElec    .         Harm     .   (no cloak)
rCorr    .         Rampage  .   (no gloves)
Will     .....                  (no boots)
Stlth    ..........             (no amulet)
HPRegen  0.09/turn              (no ring)
MPRegen  0.08/turn              (no ring)

@: no status effects
A: no striking features
a: no special abilities


You were on level 2 of the Dungeon.
You visited 1 branch of the dungeon, and saw 2 of its levels.

You collected 76 gold pieces.

Inventory:

Hand Weapons
 a - a +0 hand axe (weapon)
Armour
 b - a +0 robe
 c - a +0 chain mail (worn)
Scrolls
 e - a scroll of identify {unknown}
Potions
 d - 2 potions of heal wounds {unknown}
 f - 3 potions of attraction {unknown}


   Skills:
 - Level 4.1 Fighting
 + Level 4.3 Axes
 - Level 1.1 Armour
 - Level 2.4 Dodging
 - Level 1.5 Stealth


You had one spell level left.
You didn't know any spells.
Your spell library contained the following spells:

 Spells                   Type           Power      Damage    Failure   Level
 Summon Small Mammal      Summ           0%         N/A       100%        1
 Call Imp                 Summ           0%         N/A       100%        2
 Call Canine Familiar     Summ           0%         N/A       100%        3
 Summon Guardian Golem    Hex/Summ       0%         N/A       100%        3
 Summon Ice Beast         Ice/Summ       0%         N/A       100%        4
 Summon Lightning Spire   Summ/Air       0%         N/A       100%        4


Dungeon Overview and Level Annotations

Branches:
Dungeon (2/15)

Altars:


Message History

You are too injured to fight recklessly!
You are too injured to fight recklessly!
You hit the kobold.
You kill the kobold!
You barely miss the rat. You hit the adder.
You feel sick. The rat bites you but does no damage.
The adder completely misses you.
You feel sick. The rat bites you but does no damage.
The adder bites you but does no damage. The dart slug closely misses you.
Found a dagger and a robe.
Things that are here:
a +0 short sword; 5 stones You feel sick.
The adder bites you but does no damage. The adder bites you.
* * * LOW HITPOINT WARNING * * *
You are more poisoned.
The adder poisons you!
The dart slug bites you but does no damage.
There is an open door here.
You feel sick. The rat completely misses you.
You closely miss the rat.
You feel sick. The rat bites you but does no damage.
You closely miss the rat.
* * * LOW HITPOINT WARNING * * *
You feel sick. The rat barely misses you.
You barely miss the rat.
You feel sick.
You are no longer poisoned.
The rat barely misses you.
You closely miss the rat. The rat bites you but does no damage.
You hit the rat but do no damage. The rat bites you but does no damage.
You barely miss the rat. The rat bites you but does no damage.
You hit the rat but do no damage. The rat barely misses you.
Your chain mail prevents you from hitting the rat.
The rat barely misses you.
You closely miss the rat. The rat bites you but does no damage.
You hit the rat.
The rat is severely wounded.
The rat bites you.
* * * LOW HITPOINT WARNING * * *
You slash the rat!
You kill the rat!
The adder bites you.
You die...

#.###.....# ##.....#
#.##.....## ###.##..#
##.#.....###
##.#.)#..#
###..#....###..
##..#.....#
#....'...## .[.
##...'....<#
#.##.#..##
###'####.)..#[##.##
#.##.#.##
#.....#.....#.....#
#'##.###
..#..)..#†...##.##..#
...#.#
..'...(@S)..###.##..#
...#.# ..#..?..#w.##
#.##..# .....# (.
#.....#.## #.##..#
.....#... ###'#####
#.##..# .....'... ...
+.##..# #....#..#
.... #.# ..#
#.##.#.## .... #.#
#.##.# # .... #.#
#.##.##


You could see an adder and a dart slug.

Vanquished Creatures
  A worm (D:2)
  A giant cockroach (D:2)
  A goblin (D:2)
  A hobgoblin (D:1)
  A kobold (D:2)
  A quokka (D:2)
  3 ball pythons
  A bat (D:1)
  A frilled lizard (D:1)
  3 rats
14 creatures vanquished.

Notes
Turn   | Place    | Note
-------+----------+-------------------------------------------
     0 | D:1      | Alarak the Hill Orc Monk began the quest for the Orb.
     0 | D:1      | Reached XP level 1. HP: 19/19 MP: 1/1
    66 | D:1      | Found a faded altar of an unknown god.
   475 | D:2      | Reached skill level 1 in Armour
   475 | D:2      | Reached XP level 2. HP: 14/27 MP: 2/2
   800 | D:2      | HP: 1/27 [rat (2)]
   801 | D:2      | Slain by an adder

Illustrated notes

Levels and vault maps discovered:
D:1:      dpeg_arrival_tiny_j, layout_rooms,
          chequers_ecumenical_altar_simple_redux
D:2:      layout_basic, minmay_quadrilaterals

Skill      XL: |  1 |
---------------+----+-----
Fighting       | 4 |  4.1
Armour         | 1 |  1.1
Axes           | |  4.3
Dodging        | |  2.4
Stealth        | |  1.5

Action                   || total
-------------------------++-------
Melee: Hand axe          ||    64
Armor: Chain mail        ||    55
Dodge: Dodged            ||    30

Table legend: (Time is in decaauts)
 A = Elapsed time spent in this place.
 B = Non-inter-level travel time spent in this place.
 C = Inter-level travel time spent in this place.
 D = Time resting spent in this place.
 E = Time spent auto-exploring this place.
 F = Levels seen in this place.
 G = Mean time per level.
                   A        B        C        D        E       F      G
               +--------+--------+--------+--------+--------+-----+--------+
         Total |    807 |    793 |     14 |      0 |    654 |   2 |  403.5 |
       Dungeon |    807 |    793 |     14 |      0 |    654 |   2 |  403.5 |
               +--------+--------+--------+--------+--------+-----+--------+

Top non-repeatable levels by time:
     D:1: 461 daAuts
     D:2: 345 daAuts
